 Dungeon Crawl Stone Soup version 0.28-a0-1227-ga9037bb4c8 (console) character file.

Game seed: 69907782174871052

875 petzl the Vexing (level 8, 0/58 HPs)
             Began as a Formicid Arcane Marksman on Dec 22, 2021.
             Slain by a lemure (4 damage)
             ... led by Pikel
             ... on level 6 of the Dungeon on Dec 23, 2021.
             The game lasted 00:37:55 (7833 turns).

petzl the Vexing (Formicid Arcane Marksman)         Turns: 7833, Time: 00:37:56

Health: 0/58       AC:  8    Str: 17    XL:     8   Next: 24%
Magic:  12/12      EV: 11    Int: 15    God:
Gold:   254        SH:  0    Dex: 11    Spells: 8/13 levels left

rFire   . . .      SeeInvis +   a - +2 war axe (vorpal) {!f =f}
rCold   . . .      Faith    .   (no shield)
rNeg    . . .      Spirit   .   g - +0 ring mail
rPois   .          Reflect  .   (helmet unavailable)
rElec   .          Harm     .   k - scarf {+Inv}
rCorr   .          Rampage  .   (no gloves)
Will    .....                   i - +1 pair of boots
Stlth   ++........              t - amulet of magic regeneration
HPRegen 0.19/turn               (no ring)
MPRegen 0.53/turn               (no ring)

@: no status effects
A: permanent stasis, dig shafts and tunnels, antennae 3, four strong arms,
shaggy fur 1, strong 1
a: Dig, Shaft Self, Evoke Invisibility


You were on level 6 of the Dungeon.
You visited 1 branch of the dungeon, and saw 11 of its levels.

You collected 254 gold pieces.

Inventory:

Hand Weapons
 a - a +2 vorpal war axe (weapon) {!f =f}
 b - a +0 hand crossbow
 m - a +0 quarterstaff
 s - a +0 spear of freezing {!f =f}
 z - a +1 quarterstaff of draining
Missiles
 c - 67 bolts
 A - 17 poisoned darts (quivered)
Armour
 g - a +0 ring mail (worn)
 i - a +1 pair of boots (worn)
 k - a scarf of invisibility (worn)
 l - a +2 kite shield
Jewellery
 d - an amulet of reflection
 t - an amulet of magic regeneration (around neck)
Scrolls
 e - a scroll of enchant weapon {unknown}
 h - a scroll of fear
 p - a scroll of fog
 q - a scroll of holy word
 r - 2 scrolls of torment {unknown}
 v - 2 scrolls of amnesia {unknown}
 w - a scroll of vulnerability {unknown}
 x - a scroll of blinking {unknown}
 y - a scroll of immolation
Potions
 f - a potion of resistance {unknown}
 j - a potion of cancellation {unknown}
 n - 2 potions of curing
 o - a potion of mutation
 u - a potion of might {unknown}
 B - a potion of flight {unknown}
 C - a potion of berserk rage {unknown}


   Skills:
 + Level 3.1 Fighting
 + Level 3.4 Crossbows
 + Level 2.7 Armour
 + Level 3.2 Dodging
 + Level 3.5 Stealth
 + Level 2.1 Shields
 + Level 3.1 Spellcasting
 * Level 2.2 Conjurations
 - Level 3.6 Hexes
 * Level 2.6 Ice Magic
 + Level 2.0 Evocations


You had 8 spell levels left.
You knew the following spells:

 Your Spells              Type           Power      Damage    Failure   Level
a - Slow                  Hex            52%        N/A       9%          1
b - Hailstorm             Conj/Ice       9%         3d4       78%         4

Your spell library contained the following spells:

 Spells                   Type           Power      Damage    Failure   Level
 Freeze                   Ice            40%        1d6       12%         1
 Animate Skeleton         Necr           4%         N/A       34%         1
 Pain                     Necr           8%         1d4       34%         1
 Static Discharge         Conj/Air       5%         N/A       34%         2
 Frozen Ramparts          Ice            20%        1d4       34%         3
 Inner Flame              Hex/Fire       7%         N/A       45%         3
 Portal Projectile        Hex/Tloc       14%        N/A       45%         3
 Cause Fear               Hex            6%         N/A       63%         4
 Vampiric Draining        Necr           2%         2d6       71%         3
 Sticky Flame             Conj/Fire      5%         2d3       92%         4
 Dispel Undead            Necr           2%         3d7       98%         4
 Fireball                 Conj/Fire      2%         3d4       99%         5
 Summon Mana Viper        Hex/Summ       7%         N/A       99%         5
 Summon Forest            Summ/Tloc      1%         N/A       100%        5
 Starburst                Conj/Fire      2%         6d3       100%        6
 Summon Cactus Giant      Summ           1%         N/A       100%        6
 Ignition                 Fire           1%         3d3       100%        8


Dungeon Overview and Level Annotations

Branches:
Dungeon (11/15)
 Temple: D:4-7         Lair: D:8-11         Orc: D:9-12

Altars:

Annotations:
D:3 Grinder, Ijyb
D:5 exclusion: 2 downstairs
D:6 exclusion: downstairs, Menkaure
D:7 exclusion: downstairs
D:8 Pikel
D:10 Joseph


Innate Abilities, Weirdness & Mutations

You cannot be hasted, slowed, berserked, paralysed or teleported.
You can dig through walls and to a lower floor.
You have a pair of large antennae on your head. (SInv)
Your four strong arms can wield two-handed weapons with a shield.
You are covered in fur. (AC +1)
Your muscles are strong. (Str +2)


Message History

The lemure is no longer moving slowly.
Found a stone staircase leading up.
You see here 11 gold pieces.
The lemure hits you!
* * * LOW HITPOINT WARNING * * *
The lemure hits you.
* * * LOW HITPOINT WARNING * * *
There is a stone staircase leading up here.
Unknown command.
Unknown command.
You climb upwards.
Level annotation: exclusion: downstairs, Menkaure
Found 12 gold pieces.
There is a stone staircase leading down here.
Casting: Slow (safe; 9% risk of failure)
Confirm with . or Enter, or press ? or * to list all spells.
Aiming: Slow (safe; 9% risk of failure)
Press: ? - help, Shift-Dir - straight line, f - lemure
Aim: a lemure (moderately wounded, chance to affect: 50%)
The lemure resists with some effort.
The lemure misses you.
Casting: Slow (safe; 9% risk of failure)
Confirm with . or Enter, or press ? or * to list all spells.
Aiming: Slow (safe; 9% risk of failure)
Press: ? - help, Shift-Dir - straight line, f/p - lemure
Aim: a lemure (moderately wounded, chance to affect: 50%)
The lemure resists with some effort.
The lemure hits you!
* * * LOW HITPOINT WARNING * * *
You slash the lemure!
The lemure is severely wounded.
The lemure completely misses you. The lemure hits you but does no damage.
You hit the lemure.
The lemure is almost dead.
The lemure barely misses you.
You hit the lemure.
The lemure is almost dead.
The lemure barely misses you. The lemure closely misses you.
You barely miss the lemure.
The lemure is almost dead.
The lemure hits you.
You die...

#..............#....
###.........##..#.... .
#.........#.##....... ..
#.##.#...##.......... ...
#..##.##<....#..... D.M.
#...#..#.....#....# .....
#..<........#.....
......#...###..##......#
.....M....# ##..#.......
..........#####.........
.....o.o..##.##......... ..
..........o{..........)>... ..
#...........{..............
##.#.............#.............
#... ..>...#....##o............
............#....{.M..........
#..#.......#.....{...........
####..............#.{....##.##..
#......@.....##...#.....##### ..
.......5.....#........#.# .
....$.....#.......#..##.#
..........# #.....##o...#
.........## ##.....#{o#
.........# #..##.{..##
.#........ ..###...##....#
#........ .............##
#.....o...## ######...## #####


You could see a lemure.

Vanquished Creatures
  2 phantoms
  A kobold brigand (D:8)
  A scorpion (D:5)
  A water moccasin zombie (D:5)
  2 howler monkeys
  A jelly (D:5)
  2 centaur zombies (D:5)
  An orc priest (D:3)
  2 hounds
  A centaur skeleton (D:5)
  An orc wizard (D:9)
  Natasha (twice) (D:2)
  An iguana (D:5)
  5 adders
  3 gnolls (D:7)
  2 worms
  2 dart slugs
  9 orcs
  A bat (D:2)
  6 endoplasms
  4 giant cockroaches
  4 goblins
  7 hobgoblins
  4 jackals (D:1)
  4 quokkas
  3 ball pythons
  2 frilled lizards (D:3)
  9 kobolds
  7 rats
90 creatures vanquished.

Vanquished Creatures (others)
  12 plants (D:2)
12 creatures vanquished.

Grand Total: 102 creatures vanquished

Notes
Turn   | Place    | Note
-------+----------+-------------------------------------------
     0 | D:1      | petzl the Formicid Arcane Marksman began the quest for the
                  | Orb.
     0 | D:1      | Reached XP level 1. HP: 15/15 MP: 2/2
   191 | D:1      | Reached XP level 2. HP: 21/21 MP: 3/3
  1036 | D:2      | Noticed Natasha
  1092 | D:2      | Reached skill level 1 in Stealth
  1092 | D:2      | Reached XP level 3. HP: 26/26 MP: 5/5
  1321 | D:2      | Reached skill level 1 in Armour
  1632 | D:2      | Reached XP level 4. HP: 33/33 MP: 6/6
  1723 | D:2      | Killed Natasha
  1883 | D:2      | Found a faded altar of an unknown god.
  2014 | D:2      | Noticed Natasha
  2023 | D:2      | Killed Natasha
  2024 | D:2      | Reached XP level 5. HP: 14/38 MP: 6/8
  2431 | D:3      | Noticed Ijyb
  2877 | D:3      | Learned a level 4 spell: Hailstorm
  3265 | D:3      | Noticed Grinder
  3885 | D:4      | Reached XP level 6. HP: 46/46 MP: 9/9
  4498 | D:5      | Entered Level 5 of the Dungeon
  4974 | D:5      | Reached skill level 1 in Shields
  4974 | D:5      | Reached skill level 1 in Conjurations
  4974 | D:5      | Reached skill level 1 in Ice Magic
  4974 | D:5      | Reached skill level 1 in Evocations
  4974 | D:5      | Reached XP level 7. HP: 33/51 MP: 10/10
  6714 | D:6      | Noticed Menkaure
  6714 | D:6      | Noticed a steam dragon
  6851 | D:6      | Reached XP level 8. HP: 58/58 MP: 12/12
  6875 | D:6      | You fall into a shaft and drop 1 floor!
  7286 | D:7      | You fall into a shaft and drop 3 floors!
  7286 | D:10     | Entered Level 10 of the Dungeon
  7286 | D:10     | Noticed Joseph
  7286 | D:10     | Noticed a komodo dragon
  7303 | D:11     | Noticed a troll
  7447 | D:10     | Gained mutation: You are covered in fur. (AC +1) [potion of
                  | mutation]
  7447 | D:10     | Gained mutation: Your muscles are strong. (Str +2) [potion
                  | of mutation]
  7565 | D:8      | Noticed Pikel
  7833 | D:6      | Slain by a lemure

Illustrated notes

Levels and vault maps discovered:
D:1:      elethiomel_arrival_quiet, layout_loops_ring, serial_aquarium,
          aquarium_bridge_square [aquarium_subvault_bridge,
          aquarium_subvault_bridge, aquarium_subvault_balcony,
          aquarium_subvault_wall], aquarium_bridge_square
          [aquarium_subvault_wall, aquarium_subvault_wall,
          aquarium_subvault_bridge, aquarium_subvault_wall],
          aquarium_window_fake, aquarium_window_corner, aquarium_view_2b,
          aquarium_view_2b, aquarium_balcony_1a, aquarium_pool_four
D:2:      layout_basic, serial_forest, infiniplex_forest_clump_long,
          infiniplex_forest_clump_C, infiniplex_forest_clump_curved,
          infiniplex_forest_end_3, infiniplex_forest_clump_medium,
          infiniplex_forest_clump_long, infiniplex_forest_straight_4,
          infiniplex_forest_corner_2, infiniplex_forest_lined_2,
          hellmonk_ecumenical_altar_arch_garden, uniq_natasha
D:3:      layout_basic, uniq_grinder, uniq_ijyb
D:4:      layout_loops_ring
D:5:      layout_basic
D:6:      layout_cave_pools, nicolae_uskayaw_suspiria,
          hellmonk_ghost_happy_afterlife, uniq_menkaure
D:7:      layout_basic, lemuel_temple_firewalk_b, ebering_ghost_reflecting_pool
D:8:      layout_gridville, nicolae_ossuary_entry_giza, dk_noncrumbling_4,
          uniq_pikel, uniq_psyche
D:9:      layout_roguey, disabler_island
D:10:     layout_cross, ebering_ghost_inner_flame, minmay_diamond_spiral,
          uniq_joseph
D:11:     layout_basic, lair_entry_dummy, minmay_ruined_shrine, uniq_urug

Skill      XL: |  1  2  3  4  5  6  7  8 |
---------------+-------------------------+-----
Dodging        | 2 3 |  3.2
Stealth        | 1 2 3 |  3.5
Armour         | 1 2 |  2.7
Fighting       | 2 3 |  3.1
Spellcasting   | 2 3 |  3.1
Crossbows      | 3 |  3.4
Shields        | 1 2 |  2.1
Conjurations   | 1 2 |  2.2
Ice Magic      | 1 2 |  2.6
Evocations     | 1 2 |  2.0
Hexes          | |  3.6

Action                   |  1- 3 |  4- 6 |  7- 9 || total
-------------------------+-------+-------+-------++-------
Melee: Spear             |       |   118 |     1 ||   119
       War axe           |       |    12 |    98 ||   110
 Fire: Hand crossbow     |    75 |    38 |    46 ||   159
Throw: Dart              |       |       |     2 ||     2
 Cast: Slow              |     1 |     2 |    42 ||    45
 Abil: Dig               |     1 |     1 |    10 ||    12
       Shaft Self        |       |       |     2 ||     2
  Use: Scroll            |       |     4 |     3 ||     7
       Potion            |       |       |     2 ||     2
 Stab: Sleeping          |       |     1 |       ||     1
Armor: Robe              |     6 |       |       ||     6
       Ring mail         |     9 |    39 |    46 ||    94
Dodge: Dodged            |    23 |    54 |    73 ||   150

Table legend: (Time is in decaauts)
 A = Elapsed time spent in this place.
 B = Non-inter-level travel time spent in this place.
 C = Inter-level travel time spent in this place.
 D = Time resting spent in this place.
 E = Time spent auto-exploring this place.
 F = Levels seen in this place.
 G = Mean time per level.
                   A        B        C        D        E       F      G
               +--------+--------+--------+--------+--------+-----+--------+
         Total |   7960 |   7255 |    705 |   1975 |   2994 |  11 |  723.6 |
       Dungeon |   7960 |   7255 |    705 |   1975 |   2994 |  11 |  723.6 |
               +--------+--------+--------+--------+--------+-----+--------+

Top non-repeatable levels by time:
     D:2: 1971 daAuts
     D:5: 1633 daAuts
     D:3: 1139 daAuts
     D:4: 1058 daAuts
     D:1: 1054 daAuts
     D:7: 443 daAuts
     D:8: 244 daAuts
    D:10: 158 daAuts
     D:6: 125 daAuts
     D:9: 125 daAuts
    D:11: 5 daAuts
